 Dungeon Crawl Stone Soup version 0.19.1-1-g22dce08 (webtiles) character file.

25301 rowlf015 the Grappler (level 12, -1/114 HPs)
             Began as a Troll Assassin on Jan 3, 2017.
             Was a High Priest of Dithmenos.
             Slain by a ten-headed hydra (2 damage)
             ... on level 6 of the Lair of Beasts on Jan 7, 2017.
             The game lasted 02:50:26 (11264 turns).

rowlf015 the Grappler (Troll Assassin)             Turns: 11264, Time: 02:50:27

Health: -1/114     AC: 14    Str: 22    XL:     12   Next: 88%
Magic:  0/9        EV: 17    Int:  7    God:    Dithmenos [*****.]
Gold:   829        SH: 14    Dex: 17    Spells: 0 memorised, 11 levels left

rFire  + + .     SeeInvis .       - Unarmed
rCold  . . .     Gourm    +     C - +0 robe "Jupnam" {rF++ MR+}
rNeg   . . .     Faith    .     J - +4 shield
rPois  .         Spirit   +     H - +2 hat {Spirit}
rElec  .         Reflect  .     p - +2 cloak
rCorr  .         Harm     .     (gloves unavailable)
MR     +....                    (boots unavailable)
Stlth  +++++.....               (no amulet)
                                k - +4 ring of protection
                                i - +3 ring of evasion

@: about to teleport, very slightly contaminated, hasted, wreathed by umbra,
very quick
A: unfitting armour, antennae 1, claws 3, talons 1, agile 1, blink, fast
metabolism 3, gourmand, low mp 1, regeneration 1, shaggy fur 1, tough skin 2
a: Blink, Shadow Step, Shadow Form, Renounce Religion


You were on level 6 of the Lair of Beasts.
You worshipped Dithmenos.
Dithmenos was extremely pleased with you.
You were not hungry.

You visited 4 branches of the dungeon, and saw 16 of its levels.
You also visited: Sewer and Ice Cave.

You collected 1233 gold pieces.
You spent 368 gold pieces at shops.
You paid 36 gold pieces to Gozag.

Inventory:

Hand Weapons
 a - a +3 dagger
 b - a +0 blowgun
Missiles
 e - 17 poisoned needles
 f - 4 curare-tipped needles
 I - 4 javelins of returning (quivered)
Armour
 p - a +2 cloak (worn)
 r - a +2 robe of fire resistance
 C - the +0 robe "Jupnam" (worn) {rF++ MR+}
   (You bought it in a shop on level 7 of the Dungeon)

   It greatly protects you from fire.
   It affects your resistance to hostile enchantments.
 H - a +2 hat of spirit shield (worn)
 J - a +4 shield (worn)
 P - a +0 troll leather armour {Snorg}
Jewellery
 i - a +3 ring of evasion (left claw)
 k - a +4 ring of protection (right claw)
 u - an uncursed ring of protection from cold
Wands
 y - a wand of slowing (9/48)
 A - a wand of paralysis (12/24)
 D - a wand of lightning (7/15)
 E - a wand of polymorph (14/24)
 F - a wand of lightning (0/15)
 L - a wand of polymorph (17/24)
 N - a wand of iceblast (0/15)
 O - a wand of random effects (22/48)
Scrolls
 h - a scroll of blinking
 j - 4 scrolls of enchant weapon
 l - a scroll of amnesia
 v - 3 scrolls of teleportation
 z - 4 scrolls of fog
 B - 4 scrolls of remove curse
 K - a scroll of magic mapping
 M - a scroll of vulnerability
 R - a scroll of holy word {unknown}
Potions
 c - 2 potions of cancellation
 d - a potion of brilliance
 n - 2 potions of invisibility
 o - a potion of haste
 q - 3 potions of curing
 t - 3 potions of flight
 w - 3 potions of magic
Miscellaneous
 S - a fan of gales
Comestibles
 g - 17 fruits
 m - 8 meat rations
 s - 3 beef jerkies
 x - 6 bread rations
 G - 2 royal jellies


   Skills:
 * Level 6.1 Fighting
 - Level 1.5 Short Blades
 - Level 2.0 Throwing
 + Level 7.8 Dodging
 + Level 5.6 Stealth
 + Level 5.3 Shields
 + Level 14.9 Unarmed Combat


You had 11 spell levels left.
You didn't know any spells.

Dungeon Overview and Level Annotations

Branches:
Dungeon (8/15)             Temple (1/1) D:5            Lair (6/6) D:8
  Swamp (0/4) Lair:4        Snake (1/4) Lair:3        Slime (0/5) Lair:5

Altars:
Ashenzari
Dithmenos
Elyvilon
Fedhas
Gozag
Hepliaklqana
Kikubaaqudgha
Makhleb
Nemelex Xobeh
Okawaru
Qazlal
Ru
Sif Muna
Trog
Uskayaw
Vehumet
Xom
Yredelemnul
Zin
The Shining One
Jiyva

Shops:
D:4 [   D:6 [   D:7 [   D:8 *

Annotations:
D:4 1 runed door
D:6 exclusion: oklob plant
Lair:5 1 runed door, exclusion: oklob plant
Lair:6 exclusion: oklob plant


Innate Abilities, Weirdness & Mutations

You are too large for most types of armour.
You have claws for hands.
Your metabolism is lightning-fast.
You like to eat raw meat.
Your natural rate of healing is unusually fast.
You are covered in fur. (AC +1)
You have very tough skin. (AC +2)
You have a pair of small antennae on your head.
You have sharp toenails.
You are agile. (Dex +2)
You can translocate small distances at will.
Your magical capacity is low. (-10% MP)


Message History

* * * LOW HITPOINT WARNING * * *
The elephant tramples the fungus.
The elephant trunk-slaps the fungus.
You rip one of the eight-headed hydra's heads off!
The seven-headed hydra grows two more!
You claw the nine-headed hydra! Your kick misses the nine-headed hydra.
The nine-headed hydra is lightly wounded.
You rip one of the nine-headed hydra's heads off!
The eight-headed hydra grows two more!
You scratch the ten-headed hydra. You claw the ten-headed hydra.
The ten-headed hydra is lightly wounded.
The ten-headed hydra barely misses you. The ten-headed hydra bites you!
* * * LOW HITPOINT WARNING * * *
The ten-headed hydra bites you but does no damage.
You block the ten-headed hydra's attack. x2
The ten-headed hydra bites you!
* * * LOW HITPOINT WARNING * * *
The ten-headed hydra misses you.
You block the ten-headed hydra's attack.
The ten-headed hydra bites you.
You die...

..###...PP.Y.......÷..
.. ##..P.##.D........
. #.....###.YP......
#........#..P.....
..........Y.{.♣....
....P.$...Y##.Y.P.Y
....P#...PFY##.....
...#..#YYD##....
..##....{#@#....
#.#..#..#### .÷.
.......# .. ......#.#
........# ...... ..


You could see a ten-headed hydra, 5 elephants and a blink frog.

Vanquished Creatures
  Gastronok (Lair:1)
  2 entropy weavers (Lair:4)
  Snorg (Lair:4)
  An anaconda (Snake:1)
  Erica (D:8)
  A queen ant (Lair:4)
  Joseph (D:7)
  A black mamba (Lair:5)
  4 spiny frogs
  Psyche (D:8)
  7 komodo dragons
  A rime drake (Lair:3)
  4 polar bears
  12 blink frogs
  6 hippogriffs
  A spriggan (D:7)
  3 wyverns
  Grum (D:8)
  12 yaks
  A basilisk (Lair:2)
  5 nagas (Lair:3)
  5 water moccasins
  15 soldier ants
  Duvessa (D:4)
  9 porcupines
  Purgy (Sewer)
  A black bear (D:6)
  2 sky beasts
  3 ice beasts
  An ogre (D:6)
  7 wolves
  A phantom (D:4)
  A centaur (D:8)
  6 crocodiles
  Blork the orc (D:4)
  8 bullfrogs
  Dowan (D:4)
  3 scorpions
  5 killer bees (D:5)
  A vampire bat (Lair:2)
  2 howler monkeys (D:8)
  3 crimson imps
  2 centaur zombies (D:7)
  4 hounds
  A quasit (D:3)
  A jelly (D:7)
  2 orc wizards
  3 orc priests
  Crazy Yiuf (D:4)
  An iguana (D:5)
  23 worker ants
  A killer bee zombie (D:7)
  A hound skeleton (D:3)
  A howler monkey zombie (D:7)
  13 gnolls
  11 adders
  A shadow imp (D:8)
  12 white imps (Lair:1)
  An ooze (D:3)
  2 adder skeletons
  2 worms
  8 leopard geckos
  21 orcs
  2 ball pythons
  16 bats
  5 giant cockroaches
  7 goblins
  6 hobgoblins
  7 jackals
  4 quokkas
  7 frilled lizards
  A giant cockroach zombie (D:5)
  3 kobolds
  A leopard gecko skeleton (D:4)
  24 rats
  4 fungi
  3 plants
  A toadstool (D:1)
347 creatures vanquished.

Vanquished Creatures (others)
  A yak (IceCv)
  4 fungi
  3 plants
  3 toadstools (D:1)
11 creatures vanquished.

Grand Total: 358 creatures vanquished

Notes
Turn   | Place    | Note
-------+----------+-------------------------------------------
     0 | D:1      | rowlf015 the Troll Assassin began the quest for the Orb.
     0 | D:1      | Reached XP level 1. HP: 19/19 MP: 0/0
    71 | D:1      | Reached XP level 2. HP: 27/27 MP: 1/1
   632 | D:2      | Reached XP level 3. HP: 35/35 MP: 2/2
   653 | D:2      | Reached skill level 1 in Dodging
   695 | D:2      | Found an opulent altar of Gozag.
   790 | D:2      | Reached skill level 1 in Unarmed Combat
   862 | D:2      | Found a deep blue altar of Sif Muna.
   931 | D:2      | Found a glowing golden altar of the Shining One.
  1121 | D:3      | Reached XP level 4. HP: 37/42 MP: 3/3
  1199 | D:2      | Became a worshipper of Gozag Ym Sagoz the Greedy
  1341 | D:3      | Reached skill level 2 in Unarmed Combat
  1552 | D:3      | Reached XP level 5. HP: 49/49 MP: 4/4
  1668 | D:3      | Reached skill level 3 in Unarmed Combat
  2180 | D:4      | Reached XP level 6. HP: 42/57 MP: 5/5
  2214 | D:4      | Found Istrav's Armour Boutique.
  2222 | D:4      | Bought a +1 robe of fire resistance for 127 gold pieces
  2250 | D:4      | Found a glowing silver altar of Zin.
  2250 | D:4      | Noticed an angel
  2250 | D:4      | Noticed Duvessa
  2301 | D:4      | Reached skill level 4 in Unarmed Combat
  2441 | D:4      | Found a glowing drain.
  2446 | Sewer    | Entered a sewer
  2496 | Sewer    | Noticed Purgy
  2510 | Sewer    | Killed Purgy
  2510 | Sewer    | Reached XP level 7. HP: 46/63 MP: 6/6
  2584 | D:4      | Found a runed door.
  2588 | D:4      | Noticed Crazy Yiuf
  2595 | D:4      | Killed Crazy Yiuf
  2684 | D:4      | Reached skill level 5 in Unarmed Combat
  2798 | D:4      | Found a runed door.
  2799 | D:4      | Noticed Dowan
  2810 | D:4      | Killed Duvessa
  2833 | D:4      | Killed Dowan
  2907 | D:4      | Noticed Blork the orc
  2919 | D:4      | Killed Blork the orc
  3088 | D:5      | Entered Level 5 of the Dungeon
  3206 | D:5      | Found a staircase to the Ecumenical Temple.
  3207 | D:5      | Found a glowing silver altar of Zin.
  3211 | D:5      | Found a hazy altar of Hepliaklqana.
  3254 | D:5      | Reached skill level 6 in Unarmed Combat
  3260 | D:5      | Reached XP level 8. HP: 24/72 MP: 7/7
  3681 | Temple   | Entered the Ecumenical Temple
  3703 | Temple   | Fell from the grace of Gozag
  3707 | Temple   | Became a worshipper of Dithmenos the Shadowed
  4061 | D:6      | Found a basalt altar of Yredelemnul.
  4125 | D:6      | Gained mutation: Your muscles are strong. (Str +2) [mutagenic meat]
  4126 | D:6      | Gained mutation: You have a pair of small antennae on your head. [mutagenic meat]
  4127 | D:6      | Gained mutation: You are agile. (Dex +2) [mutagenic meat]
  4128 | D:6      | Gained mutation: You can translocate small distances at will. [mutagenic meat]
  4129 | D:6      | Lost mutation: Your muscles are strong. (Str +2) [mutagenic meat]
  4325 | D:6      | Reached skill level 7 in Unarmed Combat
  4364 | D:6      | Found a stormy altar of Qazlal.
  4431 | D:6      | Gained mutation: Your magical capacity is low. (-10% MP) [potion of mutation]
  4431 | D:6      | Gained mutation: You have sharp toenails. [potion of mutation]
  4617 | D:6      | Found a basalt altar of Yredelemnul.
  4617 | D:6      | Noticed an oklob plant
  4742 | D:6      | Found Wyuhif's Antique Armour Emporium.
  5037 | D:7      | Noticed Joseph
  5053 | D:7      | Killed Joseph
  5053 | D:7      | Reached skill level 8 in Unarmed Combat
  5053 | D:7      | Reached XP level 9. HP: 80/80 MP: 7/7
  5109 | D:7      | Found Qoytucali's Antique Armour Shop.
  5113 | D:7      | Bought a colourful robe for 199 gold pieces
  5123 | D:7      | Identified the +0 robe "Jupnam" {rF++ MR+} (You bought it in a shop on level 7 of the Dungeon)
  5162 | D:7      | Found a sparkling altar of Nemelex Xobeh.
  5200 | D:7      | Reached * piety under Dithmenos
  5324 | D:7      | Reached skill level 5 in Dodging
  5334 | D:7      | Reached skill level 9 in Unarmed Combat
  5820 | D:8      | Found Gucw's General Store.
  5832 | D:8      | Bought a slice of pizza for 18 gold pieces
  5832 | D:8      | Bought a scroll of identify for 24 gold pieces
  5840 | D:8      | Found a staircase to the Lair.
  5958 | D:8      | Noticed Grum
  5965 | D:8      | Was forgiven by Gozag
  5980 | D:8      | Killed Grum
  5980 | D:8      | Reached skill level 10 in Unarmed Combat
  5999 | D:8      | Noticed Erica
  6008 | D:8      | Killed Erica
  6008 | D:8      | Reached XP level 10. HP: 84/91 MP: 8/8
  6145 | D:8      | Reached ** piety under Dithmenos
  6343 | D:8      | Noticed Psyche
  6355 | D:8      | Killed Psyche
  6355 | D:8      | Reached skill level 11 in Unarmed Combat
  6467 | Lair:1   | Entered Level 1 of the Lair of Beasts
  6469 | Lair:1   | Noticed Gastronok
  6711 | Lair:1   | Killed Gastronok
  6711 | Lair:1   | Reached skill level 12 in Unarmed Combat
  6957 | Lair:1   | Found a frozen archway.
  6992 | Lair:1   | Reached XP level 11. HP: 94/97 MP: 8/8
  7039 | IceCv    | Entered an ice cave
  7073 | IceCv    | Reached skill level 13 in Unarmed Combat
  7596 | Lair:1   | Reached *** piety under Dithmenos
  7664 | Lair:2   | Noticed a four-headed hydra
  8000 | Lair:2   | Reached skill level 1 in Shields
  8154 | Lair:2   | You fall through a shaft!
  8208 | Lair:3   | Found a staircase to the Snake Pit.
  8380 | Lair:2   | Reached skill level 5 in Stealth
  8867 | Lair:3   | Reached **** piety under Dithmenos
  9101 | Snake:1  | Entered Level 1 of the Snake Pit
  9121 | Snake:1  | Noticed an anaconda
  9165 | Snake:1  | Killed an anaconda
  9636 | Lair:4   | Found a staircase to the Swamp.
  9678 | Lair:4   | Noticed Snorg
  9690 | Lair:4   | Killed Snorg
  9690 | Lair:4   | Reached skill level 5 in Fighting
  9690 | Lair:4   | Reached skill level 14 in Unarmed Combat
  9690 | Lair:4   | Reached XP level 12. HP: 100/111 MP: 7/9
 10063 | Lair:4   | Noticed a queen ant
 10097 | Lair:4   | Killed a queen ant
 10295 | Lair:4   | Noticed an entropy weaver
 10306 | Lair:4   | Killed an entropy weaver
 10320 | Lair:4   | Noticed an entropy weaver
 10657 | Lair:4   | Reached ***** piety under Dithmenos
 10808 | Lair:4   | Killed an entropy weaver
 10808 | Lair:4   | Reached skill level 5 in Shields
 11077 | Lair:5   | Found a runed door.
 11078 | Lair:5   | Found a viscous altar of Jiyva.
 11083 | Lair:5   | Found a staircase to the Slime Pits.
 11227 | Lair:6   | Entered Level 6 of the Lair of Beasts
 11236 | Lair:6   | Noticed a five-headed hydra
 11264 | Lair:6   | HP: 1/114 [ten-headed hydra (11)]
 11264 | Lair:6   | Slain by a ten-headed hydra

Skill      XL: |  1  2  3  4  5  6  7  8  9 10 11 12 |
---------------+-------------------------------------+-----
Throwing       | 2 |  2.0
Dodging        | 1 2 3 4 5 6 7 |  7.8
Unarmed Combat | 1 2 3 4 6 8 10 12 14 | 14.9
Stealth        | 3 4 5 |  5.6
Fighting       | 2 3 5 6 |  6.1
Shields        | 3 5 |  5.3
Short Blades   | |  1.5

Action                   |  1- 3 |  4- 6 |  7- 9 | 10-12 || total
-------------------------+-------+-------+-------+-------++-------
Melee: Unarmed           |   105 |   207 |   308 |   676 ||  1296
       Punch             |       |     1 |    10 |    14 ||    25
       Kick              |       |       |    53 |   230 ||   283
Throw: Javelin           |       |       |       |     2 ||     2
Invok: Renounce Religion |       |       |     1 |       ||     1
 Abil: Blink             |       |       |       |     2 ||     2
Evoke: Wand              |       |       |       |     2 ||     2
  Use: Scroll            |     7 |       |     9 |    10 ||    26
       Potion            |       |       |     9 |     4 ||    13
 Stab: Sleeping          |     6 |     7 |     8 |    21 ||    42
       Distracted        |       |     1 |     1 |     1 ||     3
       Invisible         |       |       |       |     1 ||     1
  Eat: Chunk             |    14 |       |    25 |    47 ||    86
       Fruit             |       |     7 |     1 |       ||     8
       Bread ration      |       |       |     3 |       ||     3
       Royal jelly       |       |       |     1 |       ||     1
       Pizza             |       |       |     1 |       ||     1
Armor: Robe              |    50 |    91 |    89 |   105 ||   335
Dodge: Dodged            |    76 |   152 |   218 |   381 ||   827
Block: Shield            |       |       |       |   258 ||   258
